 Dungeon Crawl Stone Soup version 0.31.0-9-g3a7656b989 (webtiles) character file.

Game seed: 17034842557686118549

51 Monkooky the Changeling (level 3, -3/39 HPs)
             Began as a Merfolk Shapeshifter on Jan 24, 2024.
             Was a Believer of Cheibriados.
             Slain by a hobgoblin (6 damage)
             ... led by Robin
             ... on level 2 of the Dungeon.
             The game lasted 00:03:16 (685 turns).

Monkooky the Changeling (Merfolk Shapeshifter)       Turns: 685, Time: 00:03:17

Health: -3/39      AC: 21    Str: 20    XL:     3   Next: 81%
Magic:  3/3        EV:  2    Int: 13    God:    Cheibriados [**....]
Gold:   53         SH:  0    Dex: 17    Spells: 2/2 levels left

rFire   . .          .
                       - Unarmed
rCold   . . .        (no shield)
rNeg    . . .        a - melded +0 animal skin
rPois   +            (helmet currently unavailable)
rElec   .            (cloak currently unavailable)
rCorr   .            (gloves currently unavailable)
SInv    .            (boots currently unavailable)
Will    .....        (no amulet)
Stlth   ++           (no ring)
HPRegen 0.26/turn    (no ring)
MPRegen 0.08/turn

%: no passive effects
@: mighty, tree-form, hasted
A: stationary, stasis, torment immunity, boosted hp, (nimble swimmer 2),
(mertail)
a: Renounce Religion, Bend Time


You were on level 2 of the Dungeon.
You worshipped Cheibriados.
Cheibriados was pleased with you.
You were a tree.
You visited 1 branch of the dungeon, and saw 2 of its levels.

You collected 53 gold pieces.

Inventory:

Armour
 a - a +0 animal skin (melded)
Talismans
 c - a beast talisman
 d - a flux talisman
 l - a talisman of death
Scrolls
 g - a scroll of torment {unknown}
 h - a scroll of teleportation {unknown}
 i - a scroll of immolation {unknown}
 j - a scroll of identify {unknown}
 k - a scroll of enchant weapon {unknown}


   Skills:
 + Level 1.5 Fighting
 - Level 2.6 Dodging
 * Level 3.6 Unarmed Combat
 - Level 5.4 Shapeshifting


You had 2 spell levels left.
You didn't know any spells.
Your spell library contained the following spells:

 Spells                   Type           Power      Damage    Failure   Level
 Tukima's Dance           Hex            0%         N/A       67%         3
 Passage of Golubria      Tloc           0%         N/A       97%         4
 Yara's Violent Unravell  Hex/Alch       0%         3d3       100%        5


Dungeon Overview and Level Annotations

Branches:
Dungeon (2/15)

Altars:
Cheibriados

Annotations:
D:2 Robin


Innate Abilities, Weirdness & Mutations

You are a tree.
Your roots penetrate the ground, keeping you stationary.
You cannot be teleported.
You are immune to unholy pain and torment.
Your maximum health is greatly increased.
Your equipment is partially melded.
((You are very nimble when in or above water. (Stealth+, EV+, Speed+++)))
((Your lower body shifts to a powerful aquatic tail in water.))


Message History

Unknown command.
Okay, then.
Your transformation has ended.
You turn into a tree.
Your +0 animal skin melds into your body.
Your roots penetrate the ground.
The goblin hits you but does no damage. x2
The goblin hits you with a +0 club.
* * * LOW HITPOINT WARNING * * *
A hobgoblin comes into view.
You barely miss the goblin. The goblin hits you with a +0 club.
* * * LOW HITPOINT WARNING * * *
The goblin hits you but does no damage. The goblin completely misses you.
Unknown command.
You smack the goblin!
You kill the goblin!
Cheibriados appreciates the change of pace.
The goblin hits you but does no damage. x2
You smack the goblin!
You kill the goblin!
Cheibriados appreciates the change of pace.
The goblin hits you but does no damage.
You hit the goblin.
You kill the goblin!
Cheibriados appreciates the change of pace.
The goblin unwields a +0 dagger.
The goblin wields a +0 sling.
The goblin shoots a sling bullet.
The sling bullet hits you.
* * * LOW HITPOINT WARNING * * *
Unknown command.
It was a potion of haste.
You feel yourself speed up.
Cheibriados forgives your accidental hurry, just this once.
It was a potion of might.
You feel very mighty all of a sudden.
You pummel the goblin!!
You kill the goblin!
Cheibriados appreciates the change of pace.
Unknown command.
You aren't carrying any items that you can evoke.
Okay, then.
You closely miss the hobgoblin. The hobgoblin hits you.
You die...

##########
$ggg.gg♣)#
#g######)#
#.# #.#
#.# #.#
#.# #.###
#...#


You could see Robin, 4 hobgoblins and a goblin (strong).

Vanquished Creatures
  An adder (D:2)
  A dart slug (D:1)
  3 bats (D:1)
  4 endoplasms
  2 giant cockroaches (D:1)
  6 goblins
  3 hobgoblins (D:1)
  4 jackals (D:1)
  4 kobolds
  2 quokkas (D:1)
  3 ball pythons
  A rat (D:2)
34 creatures vanquished.

Notes
Turn   | Place    | Note
-------+----------+-------------------------------------------
     0 | D:1      | Monkooky the Merfolk Shapeshifter began the quest for the
                  | Orb.
     0 | D:1      | Reached XP level 1. HP: 15/15 MP: 1/1
    47 | D:1      | Reached XP level 2. HP: 15/21 MP: 2/2
   273 | D:1      | Reached skill level 5 in Shapeshifting
   289 | D:1      | Found a faded altar of an unknown god.
   297 | D:1      | Prayed at the altar of an unknown god.
   297 | D:1      | Became a worshipper of Cheibriados the Contemplative
   297 | D:1      | Reached * piety under Cheibriados
   377 | D:1      | Reached XP level 3. HP: 21/26 MP: 3/3
   543 | D:2      | Reached ** piety under Cheibriados
   672 | D:2      | Noticed Robin
   685 | D:2      | Slain by a hobgoblin

Illustrated notes

Levels and vault maps discovered:
D:1:      minmay_arrival_wavy_path, layout_basic, ebering_ecumenical_altar_hall
D:2:      layout_loops_ring, kennysheep_nondescript, uniq_robin

Skill      XL: |  1  2 |
---------------+-------+-----
Shapeshifting  | 5 |  5.4
Fighting       | |  1.5
Dodging        | |  2.6
Unarmed Combat | |  3.6

Action                     || total
---------------------------++-------
  Melee: Unarmed           ||    84
    Use: Potion            ||     3
   Stab: Sleeping          ||     1
 Armour: Animal skin       ||    55
         Skin              ||    10
  Dodge: Dodged            ||    73
